 Dungeon Crawl Stone Soup version 0.30-a0-358-g0d69a1922f (webtiles) character file.

Game seed: 11822012685284081300

629 funkygono the Firebug (level 7, -2/51 HPs)
             Began as a Yellow Draconian Fire Elementalist on Nov 9, 2022.
             Slain by Duvessa
             ... wielding a +0 rapier
              (9 damage)
             ... on level 5 of the Dungeon.
             The game lasted 00:08:02 (5177 turns).

funkygono the Firebug (DrFE)                        Turns: 5177, Time: 00:08:02

Health: -2/51      AC:  9    Str: 10    XL:     7   Next: 23%
Magic:  0/14       EV: 12    Int: 17    God:
Gold:   185        SH:  0    Dex: 12    Spells: 6/16 levels left

rFire   + . .      SeeInvis .    e - +1 long sword (flame)
rCold   . . .      Faith    .    (no shield)
rNeg    . . .      Spirit   .    (body armour unavailable)
rPois   .          Reflect  .    (helmet restricted)
rElec   .          Harm     .    (no cloak)
rCorr   +          Rampage  .    x - +2 pair of gloves
Will    .....                    (no boots)
Stlth   ++........               (no amulet)
HPRegen 0.28/turn                p - ring of wizardry
MPRegen 0.14/turn                t - ring of protection from fire

@: short of breath
A: spit acid, AC +6, unfitting armour, cold-blooded, acid resistance
a: Breathe Acid


You were on level 5 of the Dungeon.
You visited 1 branch of the dungeon, and saw 5 of its levels.

You collected 185 gold pieces.

Inventory:

Hand Weapons
 e - a +1 long sword of flaming (weapon)
Armour
 x - a +2 pair of gloves (worn)
Magical Staves
 g - a staff of air
Jewellery
 o - a ring of protection from cold
 p - a ring of wizardry (left hand)
 q - a ring of wizardry
 t - a ring of protection from fire (right hand)
 v - a ring of wizardry
Scrolls
 c - a scroll of teleportation
 d - 2 scrolls of immolation
 f - 2 scrolls of torment
 m - 2 scrolls of poison
 r - a scroll of enchant armour
Potions
 a - 2 potions of magic
 b - 5 potions of curing
 h - 4 potions of might
 i - 2 potions of brilliance {unknown}
 j - 2 potions of mutation {unknown}
 k - a potion of berserk rage {unknown}
 n - a potion of lignification {unknown}
 s - a potion of cancellation {unknown}
 w - a potion of heal wounds {unknown}


   Skills:
 + Level 0.6 Fighting
 + Level 0.2 Long Blades
 + Level 2.1 Dodging
 - Level 1.7 Stealth
 + Level 5.1 Spellcasting
 + Level 3.0 Conjurations
 + Level 5.6 Fire Magic


You had 6 spell levels left.
You knew the following spells:

 Your Spells              Type           Power      Damage    Failure   Level
a - Foxfire               Conj/Fire      72%        2x1d7     1%          1
b - Scorch                Fire           46%        2d7       1%          2
c - Kindle Blastsparks    Fire/Tloc/Air  20%        2d11      9%          3
d - Flame Wave            Conj/Fire      18%        2d7       10%         4

Your spell library contained the following spells:

 Spells                   Type           Power      Damage    Failure   Level
 Magic Dart               Conj           56%        1d5       1%          1
 Inner Flame              Hex/Fire       13%        N/A       6%          3
 Call Imp                 Summ           4%         N/A       9%          2
 Cigotuvi's Dreadful Rot  Necr/Pois/Air  8%         N/A       9%          2
 Poisonous Vapours        Pois/Air       8%         N/A       9%          2
 Mephitic Cloud           Conj/Pois/Air  7%         N/A       12%         3


Dungeon Overview and Level Annotations

Branches:
Dungeon (5/15)
 Temple: D:4-7

Altars:
Dithmenos
Sif Muna

Annotations:
D:5 2 transporters, Duvessa


Innate Abilities, Weirdness & Mutations

You can spit globs of acid.
Your golden yellow scales are hard. (AC +6)
You cannot fit into any form of body armour.
You are cold-blooded and may be slowed by cold attacks.
You are resistant to acid. (rCorr)


Message History

Duvessa completely misses you.
Unknown command.
Casting: Scorch (safe; 1% risk of failure)
Confirm with . or Enter, or press ? or * to list all spells.
You conjure some foxfire!
Duvessa hits you but does no damage.
Casting: Foxfire (safe; 1% risk of failure)
Confirm with . or Enter, or press ? or * to list all spells.
Flames lash Duvessa.
Duvessa is burned terribly!
Duvessa is severely wounded.
The foxfire hits Duvessa but does no damage.
Duvessa is severely wounded.
The foxfire hits Duvessa but does no damage.
Duvessa is severely wounded.
Duvessa hits you with a +0 rapier! Duvessa hits you but does no damage.
Casting: Scorch (safe; 1% risk of failure)
Confirm with . or Enter, or press ? or * to list all spells.
You conjure some foxfire!
Duvessa misses you.
Casting: Foxfire (safe; 1% risk of failure)
Confirm with . or Enter, or press ? or * to list all spells.
Flames lash Duvessa.
Duvessa is burned terribly!
Duvessa is severely wounded.
The foxfire hits Duvessa but does no damage.
Duvessa is severely wounded.
The foxfire hits Duvessa but does no damage.
Duvessa is severely wounded.
Duvessa hits you with a +0 rapier! Duvessa hits you with a +0 rapier!!
* * * LOW HITPOINT WARNING * * *
Casting: Scorch (safe; 1% risk of failure)
Confirm with . or Enter, or press ? or * to list all spells.
You conjure some foxfire!
Duvessa hits you with a +0 rapier!
* * * LOW HITPOINT WARNING * * *
Unknown command.
You hit Duvessa but do no damage.
Duvessa is severely wounded.
The foxfire hits Duvessa but does no damage.
Duvessa is severely wounded.
The foxfire hits Duvessa but does no damage.
Duvessa is severely wounded.
Duvessa hits you with a +0 rapier!
You die...

#.###+###..#
#.#~...~#..#
#.#~...~#..#
#.#~...~#..# ###########
#.#~.⌠.~#..# ..........#
#.#~...~#..# ..).......#
#.#S...~#..#
..........###.#S)..~#..#
#.....e@......###+###..#
#...########..#P.?.P#..#
# #..#8.©.8#...
#..#######.#.
#.(...©....#.
#.###...####. #.# ##.##
. #.# #.# #.####.######


You could see Duvessa (berserk, combustible).

Vanquished Creatures
  Sigmund (D:3)
  An ice beast (D:5)
  2 scorpions (D:4)
  Dowan (D:5)
  2 hounds
  4 adders
  A worm (D:4)
  3 dart slugs
  9 orcs
  3 ball pythons (D:1)
  7 endoplasms
  5 giant cockroaches
  11 goblins
  9 hobgoblins
  15 jackals
  5 kobolds
  A quokka (D:4)
  9 bats
  3 frilled lizards
  4 rats
96 creatures vanquished.

Vanquished Creatures (others)
  268 foxfires
268 creatures vanquished.

Grand Total: 364 creatures vanquished

Notes
Turn   | Place    | Note
-------+----------+-------------------------------------------
     0 | D:1      | funkygono the Draconian Fire Elementalist began the quest
                  | for the Orb.
     0 | D:1      | Reached XP level 1. HP: 14/14 MP: 3/3
   153 | D:1      | Reached XP level 2. HP: 20/20 MP: 3/5
   156 | D:1      | Learned a level 2 spell: Scorch
   382 | D:1      | Found a faded altar of an unknown god.
   607 | D:1      | Reached XP level 3. HP: 26/26 MP: 3/6
   611 | D:1      | Learned a level 3 spell: Kindle Blastsparks
  2282 | D:2      | Reached XP level 4. HP: 34/34 MP: 6/8
  2943 | D:3      | Found a shadowy altar of Dithmenos.
  3256 | D:3      | Noticed Sigmund
  3355 | D:3      | Killed Sigmund
  3356 | D:3      | Reached XP level 5. HP: 31/39 MP: 0/11
  3356 | D:3      | Reached XP level 6. HP: 37/46 MP: 0/12
  3568 | D:3      | Learned a level 4 spell: Flame Wave
  3776 | D:4      | Found a shimmering blue altar of Sif Muna.
  4202 | D:4      | Reached skill level 5 in Fire Magic
  4890 | D:5      | Entered Level 5 of the Dungeon
  4967 | D:5      | Found a transporter.
  4986 | D:5      | Found a transporter.
  5086 | D:5      | Noticed an ice beast
  5102 | D:5      | Killed an ice beast
  5103 | D:5      | Reached skill level 5 in Spellcasting
  5103 | D:5      | Your scales start taking on a golden yellow colour.
  5103 | D:5      | Reached XP level 7. HP: 51/51 MP: 7/14
  5103 | D:5      | Gained mutation: You are resistant to acid. (rCorr) [Yellow
                  | Draconian growth]
  5160 | D:5      | Noticed Dowan
  5165 | D:5      | Killed Dowan
  5165 | D:5      | Noticed Duvessa
  5177 | D:5      | Slain by Duvessa

Illustrated notes

Levels and vault maps discovered:
D:1:      dpeg_arrival_radiant, layout_basic, shapermc_ecumenical_altar_pompeii,
          corexii_leaking_fountain, minmay_vboxes
D:2:      layout_basic, corexii_hall_statues_u
D:3:      layout_loops_cross, mainiacjoe_overflow_paths, uniq_sigmund
D:4:      layout_cave_pods, overflow_temple_1_default,
          nicolae_concentric_dashed_squares_wild, minivault_19
D:5:      gammafunk_steamed_eel, layout_basic, lemuel_tele_altar,
          lemuel_doored_altar, minmay_temple_entry_glass, uniq_duvessa,
          uniq_edmund, uniq_menkaure

Skill      XL: |  1  2  3  4  5  6  7 |
---------------+----------------------+-----
Dodging        | 2 |  2.1
Fire Magic     | 4 5 |  5.6
Spellcasting   | 4 5 |  5.1
Conjurations   | 2 3 |  3.0
Fighting       | |  0.6
Long Blades    | |  0.2
Stealth        | |  1.7

Action                   |  1- 3 |  4- 6 |  7- 9 || total
-------------------------+-------+-------+-------++-------
Melee: Unarmed           |    18 |       |       ||    18
       Tailslap          |     3 |       |       ||     3
       Long sword        |     8 |     5 |     1 ||    14
 Cast: Foxfire           |    64 |    80 |    10 ||   154
       Scorch            |     3 |    18 |     3 ||    24
 Abil: Breathe Acid      |       |       |     1 ||     1
  Use: Scroll            |       |    13 |       ||    13
Armor: Skin              |    21 |     6 |     3 ||    30
Dodge: Dodged            |    40 |    19 |     2 ||    61

Table legend: (Time is in decaauts)
 A = Elapsed time spent in this place.
 B = Non-inter-level travel time spent in this place.
 C = Inter-level travel time spent in this place.
 D = Time resting spent in this place.
 E = Time spent auto-exploring this place.
 F = Levels seen in this place.
 G = Mean time per level.
                   A        B        C        D        E       F      G
               +--------+--------+--------+--------+--------+-----+--------+
         Total |   5181 |   5072 |    109 |    270 |   4098 |   5 | 1036.2 |
       Dungeon |   5181 |   5072 |    109 |    270 |   4098 |   5 | 1036.2 |
               +--------+--------+--------+--------+--------+-----+--------+

Top non-repeatable levels by time:
     D:1: 1307 daAuts
     D:2: 1270 daAuts
     D:4: 1212 daAuts
     D:3: 1103 daAuts
     D:5: 287 daAuts
